 Dungeon Crawl Stone Soup version 0.22-a0-558-gc2241811a9 (webtiles) character file.

212 Kholdaimon the Charmwright (level 5, 0/43 HPs)
             Began as a Gnoll Skald on June 26, 2018.
             Slain by Grinder (2 damage)
             ... on level 4 of the Dungeon.
             The game lasted 00:12:31 (2574 turns).

Kholdaimon the Charmwright (Gnoll Skald)            Turns: 2574, Time: 00:12:32

Health: 0/43       AC:  5    Str: 14    XL:     5   Next: 90%
Magic:  3/12       EV: 14    Int: 16    God:
Gold:   122        SH:  0    Dex: 14    Spells: 8/14 levels left

rFire    . . .     SeeInvis .   e - +2 dagger (elec)
rCold    . . .     Gourm    .   (no shield)
rNeg     . . .     Faith    .   b - +0 leather armour
rPois    .         Spirit   .   h - +0 helmet
rElec    .         Reflect  .   r - +0 cloak
rCorr    .         Harm     .   (no gloves)
MR       .....                  (no boots)
Stlth    ++........             (no amulet)
HPRegen  0.14/turn              (no ring)
MPRegen  0.13/turn              (no ring)

@: infused (expiring)
A: distributed training, fangs 1, strong nose
a: no special abilities


You were on level 4 of the Dungeon.
You were hungry.

You visited 1 branch of the dungeon, and saw 4 of its levels.

You collected 122 gold pieces.

Inventory:

Hand Weapons
 a - a +0 hand axe
 e - a +2 dagger of electrocution (weapon)
 i - a +0 whip of flaming
 l - a cursed -3 dagger
Missiles
 g - a throwing net (quivered)
 k - 69 stones
 m - 24 bolts
 v - 25 arrows
 z - 6 tomahawks
Armour
 b - a +0 leather armour (worn)
 f - a +0 plate armour
 h - a +0 helmet (worn)
 r - a +0 cloak (worn)
Jewellery
 n - an uncursed ring of flight {unknown}
 u - an uncursed ring of ice {unknown}
 C - a +5 ring of dexterity {unknown}
Scrolls
 q - 3 scrolls of identify {unknown}
 s - a scroll of enchant armour {unknown}
 y - 2 scrolls of teleportation {unknown}
 A - a scroll of enchant weapon {unknown}
 B - a scroll of fear {unknown}
Potions
 c - a potion of ambrosia {unknown}
 j - 3 potions of curing {unknown}
 o - 3 potions of haste {unknown}
 p - 2 potions of flight {unknown}
 t - a potion of brilliance {unknown}
 w - a potion of heal wounds {unknown}
Comestibles
 d - 5 rations


   Skills:
 + Level 4.8 Fighting
 + Level 1.6 Short Blades
 + Level 1.6 Long Blades
 + Level 4.8 Axes
 + Level 1.6 Maces & Flails
 + Level 1.6 Polearms
 + Level 1.6 Staves
 + Level 1.6 Slings
 + Level 1.6 Bows
 + Level 1.6 Crossbows
 + Level 1.6 Throwing
 + Level 3.0 Armour
 + Level 4.8 Dodging
 + Level 1.6 Stealth
 + Level 1.6 Shields
 + Level 1.6 Unarmed Combat
 + Level 5.2 Spellcasting
 + Level 1.3 Conjurations
 + Level 1.3 Hexes
 + Level 5.6 Charms
 + Level 1.3 Summonings
 + Level 1.3 Necromancy
 + Level 1.3 Translocations
 + Level 1.3 Transmutations
 + Level 1.3 Fire Magic
 + Level 1.3 Ice Magic
 + Level 1.3 Air Magic
 + Level 1.3 Earth Magic
 + Level 1.3 Poison Magic
 + Level 1.8 Invocations
 + Level 1.6 Evocations


You had 8 spell levels left.
You knew the following spells:

 Your Spells              Type           Power        Failure   Level  Hunger
a - Infusion              Chrm           ###.         1%          1    None
b - Shroud of Golubria    Chrm/Tloc      ###.......   7%          2    #......
c - Regeneration          Chrm/Necr      ###.......   13%         3    ###....

Your spell library contained the following spells:

 Spells                   Type           Power        Failure   Level  Hunger
 Song of Slaying          Chrm           ###.....     2%          2    #......
 Spectral Weapon          Hex/Chrm       ###.....     13%         3    ###....


Dungeon Overview and Level Annotations

Branches:
Dungeon (4/15)
 Temple: D:4-7

Altars:
Gozag
Yredelemnul

Annotations:
D:4 Grinder


Innate Abilities, Weirdness & Mutations

Your experience applies equally to all skills.
You have very sharp teeth.
Your uncanny sense of smell can sniff out nearby items.


Message History

Something hits you.
You writhe in agony.
Something hits you!
* * * LOW HITPOINT WARNING * * *
You writhe in agony.
* * * LOW HITPOINT WARNING * * *
You are feeling hungry.
Your skin stops crawling.
Your shroud begins to fray at the edges.
You shrug off the repeated paralysis!
Pain shoots through your body!
* * * LOW HITPOINT WARNING * * *
You can move again.
Something hits you but does no damage.
You closely miss something. Something hits you but does no damage.
You closely miss something. Your bite misses something.
Your magical contamination has completely faded away.
Your magical infusion is running out.
Your shroud unravels.
You closely miss something. Something hits you.
You die...

.# . ..#.# ..
..#.############## ..
#.#.#...@........# #.
#.#.###.#######.##
#.#.. #.#.# #.#
......##.#.# #.#
.......<.#.###.######
#.#.#>..............#
#.##.#.###.###.##
........# #...
#.#.##.### #####


There were no monsters in sight!

Vanquished Creatures
  A howler monkey (D:2)
  A bullfrog skeleton (D:3)
  7 adders
  A worm (D:3)
  4 dart slugs
  2 orcs (D:3)
  9 bats
  4 giant cockroaches
  9 goblins
  8 hobgoblins
  6 jackals
  8 kobolds
  2 quokkas
  A ball python (D:1)
  3 frilled lizards
  4 rats
70 creatures vanquished.

Notes
Turn   | Place    | Note
-------+----------+-------------------------------------------
     0 | D:1      | Kholdaimon the Gnoll Skald began the quest for the Orb.
     0 | D:1      | Reached XP level 1. HP: 20/20 MP: 6/6
   107 | D:1      | Reached XP level 2. HP: 26/26 MP: 7/7
   121 | D:1      | Learned a level 2 spell: Shroud of Golubria
   555 | D:1      | Reached XP level 3. HP: 31/31 MP: 9/9
   635 | D:2      | Reached skill level 5 in Spellcasting
   765 | D:2      | Learned a level 3 spell: Regeneration
   810 | D:2      | Reached skill level 1 in Invocations
  1192 | D:2      | Reached skill level 1 in Short Blades
  1192 | D:2      | Reached skill level 1 in Long Blades
  1192 | D:2      | Reached skill level 1 in Maces & Flails
  1192 | D:2      | Reached skill level 1 in Polearms
  1192 | D:2      | Reached skill level 1 in Staves
  1192 | D:2      | Reached skill level 1 in Slings
  1192 | D:2      | Reached skill level 1 in Bows
  1192 | D:2      | Reached skill level 1 in Crossbows
  1192 | D:2      | Reached skill level 1 in Throwing
  1192 | D:2      | Reached skill level 1 in Stealth
  1192 | D:2      | Reached skill level 1 in Shields
  1192 | D:2      | Reached skill level 1 in Unarmed Combat
  1192 | D:2      | Reached skill level 1 in Evocations
  1219 | D:2      | Reached XP level 4. HP: 35/38 MP: 11/11
  1409 | D:2      | Reached skill level 1 in Conjurations
  1409 | D:2      | Reached skill level 1 in Hexes
  1409 | D:2      | Reached skill level 1 in Summonings
  1409 | D:2      | Reached skill level 1 in Necromancy
  1409 | D:2      | Reached skill level 1 in Translocations
  1409 | D:2      | Reached skill level 1 in Transmutations
  1409 | D:2      | Reached skill level 1 in Fire Magic
  1409 | D:2      | Reached skill level 1 in Ice Magic
  1409 | D:2      | Reached skill level 1 in Air Magic
  1409 | D:2      | Reached skill level 1 in Earth Magic
  1409 | D:2      | Reached skill level 1 in Poison Magic
  1754 | D:3      | Reached XP level 5. HP: 41/43 MP: 12/12
  2100 | D:3      | Found a basalt altar of Yredelemnul.
  2241 | D:3      | Found an opulent altar of Gozag.
  2548 | D:4      | Noticed Grinder
  2561 | D:4      | Paralysed by something for 7 turns
  2564 | D:4      | HP: 1/43 [something (5)]
  2574 | D:4      | Slain by Grinder

Vault maps used:
D:1:      dpeg_arrival_rooms_c
D:2:      minmay_misc_feat_secret_circle
D:3:      overflow_temple_1_default, nicolae_overflow_crystal_walls
D:4:      kennysheep_mini, cheibriados_altar_1, kiku_gazebo_pond_becter,
          uniq_grinder

Skill      XL: |  1  2  3  4  5 |
---------------+----------------+-----
Spellcasting   | 5 |  5.2
Invocations    | 1 |  1.8
Short Blades   | 1 |  1.6
Long Blades    | 1 |  1.6
Maces & Flails | 1 |  1.6
Polearms       | 1 |  1.6
Staves         | 1 |  1.6
Slings         | 1 |  1.6
Bows           | 1 |  1.6
Crossbows      | 1 |  1.6
Throwing       | 1 |  1.6
Stealth        | 1 |  1.6
Shields        | 1 |  1.6
Unarmed Combat | 1 |  1.6
Evocations     | 1 |  1.6
Conjurations   | 1 |  1.3
Hexes          | 1 |  1.3
Summonings     | 1 |  1.3
Necromancy     | 1 |  1.3
Translocations | 1 |  1.3
Transmutations | 1 |  1.3
Fire Magic     | 1 |  1.3
Ice Magic      | 1 |  1.3
Air Magic      | 1 |  1.3
Earth Magic    | 1 |  1.3
Poison Magic   | 1 |  1.3
Armour         | 3 |  3.0
Fighting       | |  4.8
Axes           | |  4.8
Dodging        | |  4.8
Charms         | |  5.6

Action                   |  1- 3 |  4- 6 || total
-------------------------+-------+-------++-------
Melee: Hand axe          |    19 |       ||    19
       Dagger            |    95 |    91 ||   186
       Bite              |     5 |     8 ||    13
       Punch             |     1 |       ||     1
 Cast: Regeneration      |       |     1 ||     1
       Shroud of Golubri |       |     1 ||     1
       Infusion          |       |     1 ||     1
 Stab: Sleeping          |     1 |     3 ||     4
  Eat: Chunk             |     1 |     4 ||     5
Armor: Leather armour    |    51 |    29 ||    80
Dodge: Dodged            |   103 |    47 ||   150

Table legend:
 A = Spawn XP
 B = Non-spawn XP
 C = Spawn XP percentage of total XP
 D = Spawn monster count
 E = Non-spawn monster count
 F = Spawn count percentage of total count
 G = Total turns spent on level
                    A         B        C        D         E        F      G
               +---------+---------+-------+---------+---------+-------+---------
         Total |       0 |     304 |   0.0 |       0 |      70 |   0.0 |  2574
               +---------+---------+-------+---------+---------+-------+---------
           D:1 |       0 |      36 |   0.0 |       0 |      20 |   0.0 |   624
           D:2 |       0 |     118 |   0.0 |       0 |      24 |   0.0 |  1076
           D:3 |       0 |     150 |   0.0 |       0 |      26 |   0.0 |   836
               +---------+---------+-------+---------+---------+-------+---------
